TOP OF THE 1ST |
Elizabethton Twins batting - Pitching for Great Falls Voyagers : RHP Nate Woodard
|
Pitching: RHP Nate Woodard
|
|
Batting: LHB Jon Ventura
|
0-0: Called Strike 0-1: Foul Ball, location: 2F 0-2: Strikes out swinging
|
Batting: LHB Marshall Daul
|
0-0: Ball 1-0: Ball 2-0: Ball 3-0: Called Strike 3-1: Foul Ball, location: 2F 3-2: Base on Balls
|
Batting: LHB Brian Wagner
|
0-0: Ball 1-0: Fly out, F6 (Line Drive, 6, EV 65.6 MPH)
|
Batting: LHB Hector Olvera
|
0-0: Ball Marshall Daul is caught stealing 2nd base 2-6
|
Top of the 1st over - 0 runs, 0 hits, 0 errors, 0 left on base; Elizabethton 0 - Great Falls 0 |
BOTTOM OF THE 1ST |
Great Falls Voyagers batting - Pitching for Elizabethton Twins : LHP Yeijiro Kimura
|
Pitching: LHP Yeijiro Kimura
|
|
Batting: RHB Josiah Wright
|
0-0: Ground out 4-3 (Groundball, 4, EV 90.0 MPH)
|
Batting: SHB Veit Geisler
|
0-0: Called Strike 0-1: Ball 1-1: Foul Ball, location: 2F 1-2: Ball 2-2: Foul Ball, location: 2F 2-2: Foul Ball, location: 2F 2-2: Foul Ball, location: 2F 2-2: Ball 3-2: Strikes out swinging
|
Batting: RHB Russ Cornett
|
0-0: Called Strike 0-1: Ball 1-1: Swinging Strike 1-2: Foul Ball, location: 2F 1-2: Strikes out swinging, 2-3 out at first.
|
Bottom of the 1st over - 0 runs, 0 hits, 0 errors, 0 left on base; Elizabethton 0 - Great Falls 0 |
TOP OF THE 2ND |
Elizabethton Twins batting - Pitching for Great Falls Voyagers : RHP Nate Woodard
|
Batting: LHB Hector Olvera
|
0-0: Called Strike 0-1: Ball 1-1: Foul Ball, location: 2F 1-2: Ball 2-2: Strikes out swinging
|
Batting: LHB Shaun Price
|
0-0: Ball 1-0: Called Strike 1-1: Foul Ball, location: 2F 1-2: Ball 2-2: Ground out U3 (Groundball, 3, EV 79.4 MPH)
|
Batting: RHB Alexandre Garcia
|
0-0: SOLO HOME RUN (Flyball, 78XD, EV 100.0 MPH), Distance : 399 ft
|
Batting: LHB Ryuuichi Shintani
|
0-0: Fly out, F5 (Line Drive, 56, EV 74.4 MPH)
|
Top of the 2nd over - 1 run, 1 hit, 0 errors, 0 left on base; Elizabethton 1 - Great Falls 0 |
BOTTOM OF THE 2ND |
Great Falls Voyagers batting - Pitching for Elizabethton Twins : LHP Yeijiro Kimura
|
Batting: RHB Billy Grubbs
|
0-0: SOLO HOME RUN (Flyball, 78XD, EV 109.4 MPH), Distance : 416 ft
|
Batting: RHB Tommy Ellington
|
0-0: Called Strike 0-1: SINGLE (Groundball, 34D, EV 107.5 MPH)
|
Batting: RHB Jake Feinstein
|
0-0: SINGLE (Groundball, 4MD, EV 106.9 MPH) Tommy Ellington to second
|
Batting: RHB Francisco Marin
|
0-0: Ball 1-0: Ball 2-0: Foul Ball, location: 2F 2-1: Ball 3-1: Foul Ball, location: 2F 3-2: Fly out, F9 (Flyball, 89S, EV 88.1 MPH)
|
Batting: RHB David Laureano
|
0-0: Grounds into double play, 5-4-3 (Groundball, 56, EV 94.4 MPH)
|
Bottom of the 2nd over - 1 run, 3 hits, 0 errors, 1 left on base; Elizabethton 1 - Great Falls 1 |
TOP OF THE 3RD |
Elizabethton Twins batting - Pitching for Great Falls Voyagers : RHP Nate Woodard
|
Batting: RHB David McDonald
|
0-0: Called Strike 0-1: Ground out 4-3 (Groundball, 4, EV 76.2 MPH)
|
Batting: SHB Nadhir Umayr
|
0-0: Called Strike 0-1: Ball 1-1: Called Strike 1-2: Strikes out swinging
|
Batting: LHB Jon Ventura
|
0-0: Foul Ball, location: 2F 0-1: Foul Ball, location: 2F 0-2: SINGLE (Groundball, 56D, EV 95.6 MPH)
|
Batting: LHB Marshall Daul
|
0-0: Ball 1-0: Ball 2-0: Foul Ball, location: 2F 2-1: Called Strike Jon Ventura steals 2nd base 2-2: Ball 3-2: Base on Balls
|
Batting: LHB Brian Wagner
|
0-0: Ball 1-0: Ball 2-0: Ball 3-0: Base on Balls Jon Ventura to third Marshall Daul to second
|
Batting: LHB Hector Olvera
|
0-0: Swinging Strike 0-1: Ball 1-1: Foul Ball, location: 2F 1-2: Ball 2-2: SINGLE (Groundball, 6D, EV 95.6 MPH) Jon Ventura scores Marshall Daul to third Brian Wagner to second Runner from 3rd tries for Home, throw by CF and OUT! 8-2
|
Top of the 3rd over - 1 run, 2 hits, 0 errors, 2 left on base; Elizabethton 2 - Great Falls 1 |
BOTTOM OF THE 3RD |
Great Falls Voyagers batting - Pitching for Elizabethton Twins : LHP Yeijiro Kimura
|
Batting: RHB Enrique Gomez
|
0-0: Fly out, F8 (Line Drive, 8LM, EV 91.2 MPH)
|
Batting: RHB Josiah Wright
|
0-0: Foul Ball, location: 2F 0-1: Ball 1-1: Foul Ball, location: 2F 1-2: Ball 2-2: Strikes out swinging
|
Batting: SHB Veit Geisler
|
0-0: Foul Ball, location: 2F 0-1: Ball 1-1: Ground out 6-3 (Groundball, 6, EV 83.1 MPH)
|
Bottom of the 3rd over - 0 runs, 0 hits, 0 errors, 0 left on base; Elizabethton 2 - Great Falls 1 |
TOP OF THE 4TH |
Elizabethton Twins batting - Pitching for Great Falls Voyagers : RHP Nate Woodard
|
Batting: LHB Shaun Price
|
0-0: Ball 1-0: Ground out U3 (Groundball, 34, EV 90.0 MPH)
|
Batting: RHB Alexandre Garcia
|
0-0: Swinging Strike 0-1: Foul Ball, location: 2F 0-2: Ball 1-2: Strikes out swinging
|
Batting: LHB Ryuuichi Shintani
|
0-0: DOUBLE (Line Drive, 89D, EV 106.9 MPH) - OUT at third base trying to stretch hit.
|
Top of the 4th over - 0 runs, 1 hit, 0 errors, 0 left on base; Elizabethton 2 - Great Falls 1 |
BOTTOM OF THE 4TH |
Great Falls Voyagers batting - Pitching for Elizabethton Twins : LHP Yeijiro Kimura
|
Batting: RHB Russ Cornett
|
0-0: Ball 1-0: Ball 2-0: Fly out, F8 (Flyball, 8LXD, EV 108.8 MPH)
|
Batting: RHB Billy Grubbs
|
0-0: Ball 1-0: Called Strike 1-1: Fly out, F9 (Flyball, 89M, EV 96.2 MPH)
|
Batting: RHB Tommy Ellington
|
0-0: Ball 1-0: Ball 2-0: Called Strike 2-1: Swinging Strike 2-2: Strikes out swinging
|
Bottom of the 4th over - 0 runs, 0 hits, 0 errors, 0 left on base; Elizabethton 2 - Great Falls 1 |
TOP OF THE 5TH |
Elizabethton Twins batting - Pitching for Great Falls Voyagers : RHP Nate Woodard
|
Batting: RHB David McDonald
|
0-0: Ground out 6-3 (Groundball, 6, EV 108.1 MPH)
|
Batting: SHB Nadhir Umayr
|
0-0: Ball 1-0: Called Strike 1-1: Foul Ball, location: 2F 1-2: SOLO HOME RUN (Flyball, 9D, EV 101.2 MPH), Distance : 375 ft
|
Batting: LHB Jon Ventura
|
0-0: Called Strike 0-1: Foul Ball, location: 2F 0-2: Ball 1-2: Strikes out swinging
|
Batting: LHB Marshall Daul
|
0-0: Ball 1-0: Called Strike 1-1: Ball 2-1: Foul Ball, location: 2F 2-2: Strikes out swinging
|
Top of the 5th over - 1 run, 1 hit, 0 errors, 0 left on base; Elizabethton 3 - Great Falls 1 |
BOTTOM OF THE 5TH |
Great Falls Voyagers batting - Pitching for Elizabethton Twins : LHP Yeijiro Kimura
|
Batting: RHB Jake Feinstein
|
0-0: Called Strike 0-1: Ball 1-1: Foul Ball, location: 2F 1-2: SOLO HOME RUN (Flyball, 7LD, EV 97.5 MPH), Distance : 335 ft
|
Batting: RHB Francisco Marin
|
0-0: Ball 1-0: Fly out, F9 (Flyball, 9LS, EV 76.9 MPH)
|
Batting: RHB David Laureano
|
0-0: Called Strike 0-1: Ball 1-1: SINGLE (Flyball, 6MD, EV 87.5 MPH)
|
Batting: RHB Enrique Gomez
|
0-0: Ball 1-0: Foul Ball, location: 2F 1-1: Ball 2-1: 2-RUN HOME RUN (Flyball, 7D, EV 101.9 MPH), Distance : 390 ft
|
Batting: RHB Josiah Wright
|
0-0: Fly out, F7 (Line Drive, 7LM, EV 95.6 MPH)
|
Batting: SHB Veit Geisler
|
0-0: Called Strike 0-1: Ball 1-1: Foul Ball, location: 2F 1-2: Ball 2-2: Strikes out swinging
|
Bottom of the 5th over - 3 runs, 3 hits, 0 errors, 0 left on base; Elizabethton 3 - Great Falls 4 |
TOP OF THE 6TH |
Elizabethton Twins batting - Pitching for Great Falls Voyagers : RHP Nate Woodard
|
Batting: LHB Brian Wagner
|
0-0: Ball 1-0: Ball 2-0: SINGLE (Groundball, 4MD, EV 101.2 MPH)
|
Batting: LHB Hector Olvera
|
0-0: Ball 1-0: Fly out, F9 (Flyball, 9D, EV 100.6 MPH)
|
Batting: LHB Shaun Price
|
0-0: Called Strike 0-1: Ball 1-1: Ball 2-1: SINGLE (Groundball, 6D, EV 103.1 MPH) Brian Wagner to second
|
Batting: RHB Alexandre Garcia
|
0-0: Called Strike 0-1: Ball 1-1: Foul Ball, location: 2F Balk! Brian Wagner to third Shaun Price to second 1-2: Reached on error, E5 (Groundball, 5S, EV 78.8 MPH) Brian Wagner scores Shaun Price to third
|
Batting: LHB Ryuuichi Shintani
|
0-0: Called Strike Alexandre Garcia is caught stealing 2nd base 2-6 0-1: Called Strike 0-2: SINGLE (Groundball, 6D, EV 108.1 MPH) Shaun Price scores
|
Pitching: RHP Chris Myers
|
|
Batting: RHB David McDonald
|
0-0: Ball 1-0: Foul Ball, location: 2F 1-1: Ball 2-1: Called Strike 2-2: Strikes out looking
|
Top of the 6th over - 2 runs, 3 hits, 1 error, 1 left on base; Elizabethton 5 - Great Falls 4 |
BOTTOM OF THE 6TH |
Great Falls Voyagers batting - Pitching for Elizabethton Twins : LHP Yeijiro Kimura
|
Batting: RHB Russ Cornett
|
0-0: Ball 1-0: Swinging Strike 1-1: Foul Ball, location: 2F 1-2: Ball 2-2: Ground out 5-3 (Groundball, 56, EV 96.2 MPH)
|
Batting: RHB Billy Grubbs
|
0-0: Ball 1-0: Called Strike 1-1: Ball 2-1: Foul Ball, location: 2F 2-2: Ball 3-2: Strikes out looking
|
Batting: RHB Tommy Ellington
|
0-0: SOLO HOME RUN (Flyball, 78XD, EV 110.6 MPH), Distance : 419 ft
|
Pitching: RHP Takeshi Kusanagi
|
|
Batting: RHB Jake Feinstein
|
0-0: Called Strike 0-1: Fly out, F9 (Flyball, 9D, EV 88.8 MPH)
|
Bottom of the 6th over - 1 run, 1 hit, 0 errors, 0 left on base; Elizabethton 5 - Great Falls 5 |
TOP OF THE 7TH |
Elizabethton Twins batting - Pitching for Great Falls Voyagers : RHP Chris Myers
|
Batting: SHB Nadhir Umayr
|
0-0: Foul Ball, location: 2F 0-1: Called Strike 0-2: Fly out, F8 (Flyball, 8RM, EV 88.8 MPH)
|
Batting: LHB Jon Ventura
|
0-0: SINGLE (Popup, 4MD, EV 66.2 MPH)
|
Pitching: LHP Tom White
|
|
Batting: LHB Marshall Daul
|
0-0: Ball Jon Ventura steals 2nd, throwing error, E2 Jon Ventura to third 1-0: Foul Ball, location: 2F 1-1: Ball 2-1: Ball 3-1: Base on Balls
|
Batting: LHB Brian Wagner
|
0-0: Ball 1-0: Foul Ball, location: 2F 1-1: Ball Marshall Daul steals 2nd base 2-1: Ball 3-1: Base on Balls
|
Pinch Hitting: RHB Steve Terrell
|
0-0: Called Strike 0-1: Swinging Strike 0-2: Foul Ball, location: 2F 0-2: Ball 1-2: Ball 2-2: Grounds into fielders choice 6-2 (Groundball, 56, EV 82.5 MPH) Marshall Daul to third Brian Wagner to second
|
Batting: LHB Shaun Price
|
0-0: Ball 1-0: Ball 2-0: Called Strike 2-1: Foul Ball, location: 2F 2-2: Fly out, F7 (Flyball, 7, EV 93.1 MPH)
|
Top of the 7th over - 0 runs, 1 hit, 1 error, 3 left on base; Elizabethton 5 - Great Falls 5 |
BOTTOM OF THE 7TH |
Great Falls Voyagers batting - Pitching for Elizabethton Twins : RHP Takeshi Kusanagi
|
Now in CF: Steve Terrell
|
|
Now in RF: Marshall Daul
|
|
Batting: RHB Francisco Marin
|
0-0: Ball 1-0: Ball 2-0: Foul Ball, location: 2F 2-1: Swinging Strike 2-2: Foul Ball, location: 2F 2-2: Strikes out swinging
|
Pinch Hitting: RHB Duncan Collins
|
0-0: Ball 1-0: Called Strike 1-1: Swinging Strike 1-2: Strikes out looking
|
Pinch Hitting: RHB Mitch Cuadros
|
0-0: Ball 1-0: Ball 2-0: Fly out, F8 (Flyball, 8RM, EV 84.4 MPH)
|
Bottom of the 7th over - 0 runs, 0 hits, 0 errors, 0 left on base; Elizabethton 5 - Great Falls 5 |
TOP OF THE 8TH |
Elizabethton Twins batting - Pitching for Great Falls Voyagers : LHP Tom White
|
Now at SS: Jose Romo
|
|
Now in CF: Veit Geisler
|
|
Now in RF: Andy Cotton
|
|
Batting: RHB Alexandre Garcia
|
0-0: Called Strike 0-1: Fly out, F8 (Flyball, 8RD, EV 103.1 MPH)
|
Batting: LHB Ryuuichi Shintani
|
0-0: Ball 1-0: Foul Ball, location: 2F 1-1: Swinging Strike 1-2: Ball 2-2: Ball 3-2: Base on Balls
|
Batting: RHB David McDonald
|
0-0: Foul Ball, location: 2F 0-1: Called Strike 0-2: Strikes out looking
|
Pitching: RHP Tristan Chapple
|
|
Batting: SHB Nadhir Umayr
|
0-0: Ball Wild Pitch! Ryuuichi Shintani to second 1-0: Called Strike 1-1: Ball 2-1: Foul Ball, location: 2F 2-2: Foul Ball, location: 2F 2-2: Ball 3-2: Foul Ball, location: 2F 3-2: Foul Ball, location: 2F 3-2: Foul Ball, location: 2F 3-2: Strikes out swinging
|
Top of the 8th over - 0 runs, 0 hits, 0 errors, 1 left on base; Elizabethton 5 - Great Falls 5 |
BOTTOM OF THE 8TH |
Great Falls Voyagers batting - Pitching for Elizabethton Twins : RHP Takeshi Kusanagi
|
Batting: RHB Josiah Wright
|
0-0: Called Strike 0-1: Foul Ball, location: 2F 0-2: Fly out, F8 (Flyball, 8RXD, EV 93.8 MPH)
|
Batting: SHB Veit Geisler
|
0-0: Ball 1-0: Fly out, F5 (Popup, 56S, EV 85.0 MPH)
|
Batting: RHB Russ Cornett
|
0-0: SINGLE (Line Drive, 78S, EV 90.0 MPH)
|
Batting: RHB Billy Grubbs
|
0-0: Ball 1-0: SINGLE (Line Drive, 8RS, EV 101.2 MPH) Russ Cornett to second
|
Batting: RHB Tommy Ellington
|
0-0: DOUBLE (Flyball, 78XD, EV 102.5 MPH) Russ Cornett scores Billy Grubbs to third Runner from 3rd tries for Home, SAFE, throw by LF to home
|
Batting: RHB Jake Feinstein
|
0-0: Called Strike 0-1: Fly out, F9 (Flyball, 9D, EV 83.1 MPH)
|
Bottom of the 8th over - 2 runs, 3 hits, 0 errors, 1 left on base; Elizabethton 5 - Great Falls 7 |
TOP OF THE 9TH |
Elizabethton Twins batting - Pitching for Great Falls Voyagers : RHP Tristan Chapple
|
Pitching: RHP Toyotoshi Matsui
|
|
Batting: LHB Jon Ventura
|
0-0: Ball 1-0: Called Strike 1-1: Foul Ball, location: 2F 1-2: Strikes out swinging, 2-3 out at first.
|
Batting: LHB Marshall Daul
|
0-0: Ball 1-0: Foul Ball, location: 2F 1-1: Foul Ball, location: 2F 1-2: Foul Ball, location: 2F 1-2: Foul Ball, location: 2F 1-2: Strikes out swinging
|
Batting: LHB Brian Wagner
|
0-0: Ball 1-0: Ball 2-0: Called Strike 2-1: Called Strike 2-2: Strikes out swinging
|
Top of the 9th over - 0 runs, 0 hits, 0 errors, 0 left on base; Elizabethton 5 - Great Falls 7 |
|